 Dungeon Crawl Stone Soup version 0.29-a0-541-gaf1fc19f1b (webtiles) character file.

Game seed: 13578054633007361543

13258 Hubjo the Summoner (level 11, 0/68 HPs)
             Began as a Deep Elf Fire Elementalist on June 1, 2022.
             Was an Elder of Sif Muna.
             Slain by a wolf (10 damage)
             ... on level 3 of the Lair of Beasts on June 2, 2022.
             The game lasted 00:38:34 (17832 turns).

Hubjo the Summoner (Deep Elf Fire Elementalist)    Turns: 17832, Time: 00:38:37

Health: 0/68       AC:  2    Str:  5    XL:     11   Next: 73%
Magic:  17/29      EV: 16    Int: 25    God:    Sif Muna [****..]
Gold:   659        SH:  0    Dex: 10    Spells: 16/34 levels left

rFire   x . .      SeeInvis .   y - +8 rapier "Yczeuch" {spect, rElec rF- rCorr Dex-5}
rCold   . . .      Faith    .   (no shield)
rNeg    . . .      Spirit   .   a - +0 robe
rPois   .          Reflect  .   (no helmet)
rElec   +          Harm     .   (no cloak)
rCorr   +          Rampage  .   (no gloves)
Will    +....                   (no boots)
Stlth   ++........              (no amulet)
HPRegen 0.21/turn               i - +4 ring of evasion
MPRegen 0.21/turn               t - +4 ring of slaying

@: no status effects
A: no striking features
a: Renounce Religion, Channel Magic, Forget Spell, Divine Exegesis


You were on level 3 of the Lair of Beasts.
You worshipped Sif Muna.
Sif Muna was greatly pleased with you.
You visited 2 branches of the dungeon, and saw 11 of its levels.
You also visited: Ossuary.

You collected 659 gold pieces.

Inventory:

Hand Weapons
 k - a +1 mace of pain
 o - the +5 dagger of Ash {flame, *Slow rN+ Int+2 Dex+4}
   (You found it on level 3 of the Dungeon)

   It burns those it strikes, dealing additional fire damage.
   Int:       It affects your intelligence (+2).
   Dex:       It affects your dexterity (+4).
   rN:        It protects you from negative energy.
   *Slow:     It may slow you when you take damage.
 y - the +8 rapier "Yczeuch" (weapon) {spect, rElec rF- rCorr Dex-5}
   (You found it on level 5 of the Dungeon)

   When its wielder attacks, the weapon's spirit leaps out and strikes again.
   The spirit shares a part of any damage it takes with its wielder.
   Dex:       It affects your dexterity (-5).
   rF:        It makes you vulnerable to fire.
   rElec:     It insulates you from electricity.
   rCorr:     It protects you from acid and corrosion.
Missiles
 E - a throwing net
Armour
 a - a +0 robe (worn)
Jewellery
 i - a +4 ring of evasion (left hand)
 t - a +4 ring of slaying (right hand)
 x - a ring of protection from cold
 C - a ring of protection from fire
 D - a ring of fire
 H - the ring of Nuawku Catu {Fire Contam rPois Will++ Int-5}
   (You found it on level 8 of the Dungeon)

   [ring of fire]

   It enhances your fire magic.
   Int:       It affects your intelligence (-5).
   rF:        It protects you from fire.
   rC:        It makes you vulnerable to cold.
   rPois:     It protects you from poison.
   Contam:    It causes magical contamination when unequipped.
   Will:      It greatly increases your willpower.
Wands
 b - a wand of paralysis (3)
 j - a wand of acid (18)
 A - a wand of digging (5)
 F - a wand of iceblast (11)
 L - a wand of polymorph (8)
Scrolls
 d - a scroll of identify
 f - 2 scrolls of amnesia
 n - 3 scrolls of magic mapping
 q - 2 scrolls of noise
 w - 2 scrolls of enchant weapon
 G - a scroll of poison
 I - a scroll of immolation
 K - 2 scrolls of enchant armour
Potions
 c - a potion of berserk rage
 e - a potion of resistance {unknown}
 g - 3 potions of ambrosia {unknown}
 h - 4 potions of mutation {unknown}
 l - a potion of cancellation {unknown}
 m - 4 potions of flight {unknown}
 p - 7 potions of curing
 s - 2 potions of brilliance {unknown}
 u - 2 potions of experience {unknown}
 z - a potion of lignification {unknown}
 J - a potion of attraction {unknown}


   Skills:
 + Level 7.7 Fighting
 - Level 3.0 Dodging
 - Level 3.0 Stealth
 + Level 12.3 Spellcasting
 - Level 1.8 Conjurations
 * Level 13.1 Summonings
 - Level 7.7 Fire Magic
 + Level 0.0 Invocations


You had 16 spell levels left.
You knew the following spells:

 Your Spells              Type           Power      Damage    Failure   Level
a - Foxfire               Conj/Fire      100%       2x1d9     1%          1
b - Summon Cactus Giant   Summ           34%        N/A       2%          6
c - Flame Wave            Conj/Fire      39%        2d9       5%          4
d - Summon Hydra          Summ           34%        N/A       16%         7

Your spell library contained the following spells:

 Spells                   Type           Power      Damage    Failure   Level
 Magic Dart               Conj           96%        1d7       1%          1
 Scorch                   Fire           100%       2d10      1%          2
 Conjure Flame            Conj/Fire      39%        6-21      1%          3
 Searing Ray              Conj           48%        2d6       2%          2
 Inner Flame              Hex/Fire       34%        N/A       2%          3
 Static Discharge         Conj/Air       19%        N/A       4%          2
 Ensorcelled Hibernation  Hex/Ice        30%        N/A       6%          2
 Passwall                 Tmut/Erth      12%        N/A       6%          2
 Summon Forest            Summ/Tloc      24%        N/A       8%          5
 Summon Mana Viper        Hex/Summ       48%        N/A       8%          5
 Swiftness                Air            15%        N/A       12%         3
 Fulminant Prism          Conj/Hex       9%         3d7       26%         4
 Petrify                  Tmut/Erth      15%        N/A       36%         4
 Lightning Bolt           Conj/Air       9%         1d22      58%         5
 Alistair's Intoxication  Tmut/Pois      10%        N/A       73%         5
 Borgnjor's Vile Clutch   Necr/Erth      7%         N/A       73%         5
 Metabolic Englaciation   Hex/Ice        7%         N/A       73%         5
 Eringya's Noxious Bog    Tmut/Pois      7%         N/A       99%         6
 Statue Form              Tmut/Erth      10%        N/A       99%         6
 Maxwell's Capacitive Co  Air            7%         ∞         100%        8


Dungeon Overview and Level Annotations

Branches:
Dungeon (8/15)             Temple (0/1) D:6            Lair (3/6) D:8
 Spider (0/4) Lair:3      Ossuary (visited)
  Swamp: Lair:2-4    Shoals: Lair:2-4

Altars:
Dithmenos
Elyvilon
Hepliaklqana
Nemelex Xobeh
Okawaru
Ru
Sif Muna
Trog
Wu Jian

Annotations:
D:7 2 runed translucent doors, SirDiesAlot's ghost, novice DECj
D:8 1 runed translucent door, Antichthon's ghost, novice GrFi


Message History

Sif Muna accepts your kill.
The foxfire hits the wolf.
The wolf is lightly wounded.
A wolf comes into view.
You conjure some foxfire!
The wolf howls!
You hear a howl!
The wolf bites you!
The wolf bites the fungus.
The fungus begins to die.
A wolf comes into view.
You conjure some foxfire!
The wolf barely misses you.
You puncture the wolf!
The wolf is moderately wounded.
The foxfire hits the wolf but does no damage.
The wolf is moderately wounded.
The foxfire hits the wolf.
The wolf is heavily wounded.
The foxfire hits the wolf.
The wolf is heavily wounded.
The foxfire hits the wolf.
The wolf is heavily wounded.
The wolf bites the fungus.
The wolf bites the fungus!
The wolf misses you.
You barely miss the wolf.
Your +8 rapier "Yczeuch" {spect, rElec rF- rCorr Dex-5} closely misses the wolf.
A nearby fungus withers and dies.
The wolf bites you! The wolf misses you. The wolf bites you.
The wolf bites you but does no damage. The wolf closely misses you.
You barely miss the wolf.
Your +8 rapier "Yczeuch" {spect, rElec rF- rCorr Dex-5} barely misses the wolf.
The wolf bites you! x3
* * * LOW HITPOINT WARNING * * *
The wolf bites you.
* * * LOW HITPOINT WARNING * * *
The wolf misses you. The wolf bites you.
* * * LOW HITPOINT WARNING * * *
Casting: Foxfire (safe; 1% risk of failure)
Confirm with . or Enter, or press ? or * to list all spells.
The wolf closely misses you. The wolf bites you.
* * * LOW HITPOINT WARNING * * *
The wolf barely misses you. The wolf closely misses you.
The wolf barely misses you. The wolf bites you!
You die...

#..................#.#.....##
#P.....<........[........###
######..#.##.#..... ....## .#
#######.#.#..# P...# .#
#..### # ##..# .## ##..#
#.### #...##### #...#
###..##hh#.#... ##.##
###......@hh..... .#.#
#......C.h#.#.### ..##
###.##P..#### #
..####.P.###### .........#
#####..### ####


You could see 5 wolves and a friendly cactus giant (summoned).

Vanquished Creatures
  A hydra (Lair:2)
  4 nameless horrors
  An elephant (D:8)
  3 black mambas
  2 rime drakes
  2 cane toads
  A komodo dragon (Lair:1)
  A wyvern (Lair:3)
  14 yaks
  7 water moccasins
  2 ice beasts
  3 black bears
  6 wolves
  2 centaurs
  3 ogres
  A phantom (D:6)
  2 elf zombies (Ossuary)
  A kobold brigand (D:7)
  11 bullfrogs
  A necrophage (D:8)
  A scorpion (Lair:1)
  3 gnoll sergeants
  3 wights (D:7)
  2 howler monkeys (D:8)
  5 electric eels
  7 centaur zombies (Ossuary)
  3 hounds (D:5)
  3 human zombies (Ossuary)
  A jelly (D:5)
  2 orc priests
  A gnoll shaman (D:8)
  An iguana (D:6)
  9 orc wizards
  3 mummies (Ossuary)
  9 adders
  17 gnolls
  4 white imps
  2 ufetubi (D:4)
  2 worms (D:2)
  3 dart slugs
  24 orcs
  4 ball pythons
  7 bats
  5 endoplasms
  6 giant cockroaches
  4 hobgoblins
  6 quokkas
  12 goblins
  12 kobolds
  2 rats
  A rat zombie (D:7)
232 creatures vanquished.

Vanquished Creatures (collateral kills)
  A black mamba (Lair:2)
  A cane toad (Lair:1)
  A komodo dragon (Lair:2)
  A meliai (Lair:3)
  2 polar bears
  2 yaks (Lair:2)
  A basilisk (Lair:1)
  A steam dragon (D:7)
  3 water moccasins
  A black bear (Lair:1)
  4 wolves
  A bullfrog (Lair:1)
  A killer bee (Lair:3)
  23 foxfires
43 creatures vanquished.

Vanquished Creatures (others)
  An orc (D:6)
  1205 foxfires
  6 fungi
  48 plants
1260 creatures vanquished.

Grand Total: 1535 creatures vanquished

Notes
Turn   | Place    | Note
-------+----------+-------------------------------------------
     0 | D:1      | Hubjo the Deep Elf Fire Elementalist began the quest for
                  | the Orb.
     0 | D:1      | Reached XP level 1. HP: 10/10 MP: 6/6
   517 | D:1      | Reached XP level 2. HP: 15/15 MP: 2/8
  1599 | D:2      | Found an ornate altar of the Wu Jian Council.
  1850 | D:2      | Found a faded altar of an unknown god.
  1975 | D:2      | Reached XP level 3. HP: 19/19 MP: 3/9
  2412 | D:2      | Reached skill level 1 in Fighting
  2713 | D:2      | Reached XP level 4. HP: 21/25 MP: 5/11
  3233 | D:3      | Found a shimmering blue altar of Sif Muna.
  3259 | D:3      | Became a worshipper of Sif Muna the Loreminder
  4087 | D:3      | Found an iron altar of Okawaru.
  4140 | D:3      | Identified the +5 dagger of Ash {flame, *Slow rN+ Int+2
                  | Dex+4}
  4860 | D:4      | Reached XP level 5. HP: 22/30 MP: 4/13
  5034 | D:4      | Noticed an ogre
  5039 | D:4      | Killed an ogre
  5040 | D:4      | Reached skill level 5 in Spellcasting
  5040 | D:4      | Reached XP level 6. HP: 24/36 MP: 10/15
  5225 | D:4      | Reached * piety under Sif Muna
  5656 | D:4      | Learned a level 6 spell: Summon Cactus Giant
  5663 | D:4      | Learned a level 4 spell: Flame Wave
  5666 | D:5      | Entered Level 5 of the Dungeon
  5755 | D:5      | Reached skill level 5 in Fire Magic
  5764 | D:5      | Reached skill level 1 in Summonings
  5950 | D:5      | Reached skill level 2 in Summonings
  5950 | D:5      | Reached XP level 7. HP: 36/41 MP: 10/17
  6007 | D:5      | Found a faded altar of an unknown god.
  6007 | D:5      | Found a faded altar of an unknown god.
  6007 | D:5      | Found a faded altar of an unknown god.
  6009 | D:5      | Found a hazy altar of Hepliaklqana.
  6097 | D:5      | Identified the +8 rapier "Yczeuch" {spect, rElec rF- rCorr
                  | Dex-5}
  6485 | D:5      | Found a bloodstained altar of Trog.
  6754 | D:6      | Reached skill level 3 in Summonings
  6960 | D:6      | Reached skill level 4 in Summonings
  7029 | D:6      | Found a staircase to the Ecumenical Temple.
  7056 | D:6      | Reached XP level 8. HP: 48/48 MP: 19/19
  7129 | D:6      | Found a sparkling altar of Nemelex Xobeh.
  7146 | D:6      | Reached skill level 5 in Summonings
  8027 | D:6      | Learned a level 7 spell: Summon Hydra
  8231 | D:7      | Reached ** piety under Sif Muna
  8322 | D:7      | Found a shadowy altar of Dithmenos.
  8360 | D:7      | Found a large runed translucent door.
  8361 | D:7      | Found a large runed translucent door.
  8370 | D:7      | Found a sand-covered staircase.
  8445 | Ossuary  | Entered an ossuary
  8469 | Ossuary  | Reached skill level 6 in Summonings
  8707 | Ossuary  | Reached XP level 9. HP: 11/52 MP: 22/22
  9270 | D:7      | Found a white marble altar of Elyvilon.
  9356 | D:7      | Found a sacrificial altar of Ru.
  9402 | D:7      | Reached skill level 7 in Summonings
  9798 | D:7      | Upgraded the game from 0.29-a0-529-gfa20dd96a1 to
                  | 0.29-a0-541-gaf1fc19f1b
 10168 | D:7      | HP: 2/53 [steam dragon] (3)]
 10683 | D:7      | Reached skill level 5 in Fighting
 11030 | D:7      | Noticed SirDiesAlot's ghost (novice DECj)
 11156 | D:7      | Noticed a nameless horror
 11381 | D:7      | Killed a nameless horror
 11973 | D:8      | Reached skill level 8 in Summonings
 12083 | D:8      | Reached *** piety under Sif Muna
 12276 | D:8      | Found a staircase to the Lair.
 12334 | D:8      | Identified the ring of Nuawku Catu {Fire Contam rPois
                  | Will++ Int-5}
 12387 | D:8      | Found a runed translucent door.
 12387 | D:8      | Noticed Antichthon's ghost (novice GrFi)
 12755 | D:8      | Noticed an elephant
 12767 | D:8      | Killed an elephant
 12768 | D:8      | Reached skill level 9 in Summonings
 12768 | D:8      | Reached XP level 10. HP: 50/60 MP: 20/25
 13147 | Lair:1   | Entered Level 1 of the Lair of Beasts
 13390 | Lair:1   | Noticed a cane toad
 13396 | Lair:1   | Killed a cane toad
 13501 | Lair:1   | You fall into a shaft and drop 1 floor!
 13849 | Lair:2   | Noticed a cane toad
 13879 | Lair:2   | Noticed a nameless horror
 13884 | Lair:2   | Killed a nameless horror
 13886 | Lair:2   | Noticed a black mamba
 13908 | Lair:2   | Killed a cane toad
 13909 | Lair:2   | Reached skill level 10 in Spellcasting
 13909 | Lair:2   | Reached skill level 10 in Summonings
 13924 | Lair:2   | Killed a black mamba
 13941 | Lair:2   | Noticed a black mamba
 13949 | Lair:2   | Killed a black mamba
 14234 | Lair:1   | Reached skill level 11 in Summonings
 14234 | Lair:1   | HP: 1/61 [wolf (5)]
 14244 | Lair:1   | Noticed a cane toad
 14254 | Lair:2   | Noticed an eight-headed hydra
 14257 | Lair:2   | Reached XP level 11. HP: 21/66 MP: 12/28
 15747 | Lair:1   | You fall into a shaft and drop 1 floor!
 15900 | Lair:2   | Reached **** piety under Sif Muna
 15901 | Lair:2   | Reached skill level 12 in Summonings
 16238 | Lair:2   | Killed an eight-headed hydra
 16870 | Lair:3   | Noticed a nameless horror
 16887 | Lair:3   | Killed a nameless horror
 17165 | Lair:3   | Found a hole to the Spider Nest.
 17169 | Lair:3   | Noticed a nameless horror
 17182 | Lair:3   | Killed a nameless horror
 17478 | Lair:3   | Reached skill level 13 in Summonings
 17832 | Lair:3   | Slain by a wolf

Illustrated notes

Levels and vault maps discovered:
D:1:      minmay_arrival_four_houses, layout_loops_cross
D:2:      layout_basic, dreamdust_ecumenical_altar_grove, basic_altar,
          minmay_quantized
D:3:      layout_loops_ring, nicolae_sif_muna_condensation, pf_just_have_faith
D:4:      layout_rooms, minmay_a_box_with_orc_wizards_in_it
D:5:      layout_cave_pools, trog_antimagical,
          nicolae_hepliaklqana_ecumenical_no_more, serial_column_ruins,
          column_ruins_hut_pillars, column_ruins_hut_ruined,
          column_ruins_open_small, column_ruins_grid_1,
          column_ruins_corridor_corner, column_ruins_open_small,
          column_ruins_open_tiny
D:6:      layout_basic, nemelex_dance_club_becter, minmay_temple_entry_trees,
          lemuel_flamethrower_2
D:7:      wad_lake_hut, layout_rooms, mainiacjoe_overflow_chevrons,
          nicolae_dithmenos_shadow_blocks, lemuel_coloured_pillars_altar,
          ebering_ghost_disaster_area, enter_ossuary_3
D:8:      layout_cave_pods, david_lair_generic, hellmonk_ghost_big_iron
Lair:1:   layout_hall_layers, grunt_megastairs_2
Lair:2:   layout_long_grid, minivault_25, serial_bayou_shore_a
Lair:3:   layout_loops_ring, elwin_shoals_entry_rooms,
          hellmonk_spider_entry_not_the_bees, nicolae_lair_lakeside_cave,
          lemuel_fruit_fields

Skill      XL: |  1  2  3  4  5  6  7  8  9 10 11 |
---------------+----------------------------------+-----
Dodging        | 3 |  3.0
Stealth        | 3 |  3.0
Fighting       | 1 2 3 4 5 6 7 |  7.7
Spellcasting   | 4 5 6 7 9 11 12 | 12.3
Fire Magic     | 4 5 6 7 |  7.7
Summonings     | 2 4 6 9 11 13 | 13.1
Conjurations   | |  1.8

Action                   |  1- 3 |  4- 6 |  7- 9 | 10-12 || total
-------------------------+-------+-------+-------+-------++-------
Melee: Unarmed           |     2 |     2 |       |       ||     4
       Dagger            |       |     7 |       |       ||     7
       Punch             |       |     1 |       |       ||     1
       Rapier            |       |       |   128 |    55 ||   183
 Cast: Foxfire           |   150 |   173 |   247 |   172 ||   742
       Flame Wave        |       |       |     3 |     1 ||     4
       Summon Cactus Gia |       |       |     1 |    17 ||    18
       Summon Hydra      |       |       |       |     1 ||     1
  Use: Scroll            |       |     3 |     8 |    11 ||    22
       Potion            |       |       |     2 |     5 ||     7
 Stab: Sleeping          |       |       |     1 |       ||     1
Armor: Robe              |     6 |     5 |    26 |     5 ||    42
Dodge: Dodged            |    18 |    26 |   152 |    87 ||   283

Table legend: (Time is in decaauts)
 A = Elapsed time spent in this place.
 B = Non-inter-level travel time spent in this place.
 C = Inter-level travel time spent in this place.
 D = Time resting spent in this place.
 E = Time spent auto-exploring this place.
 F = Levels seen in this place.
 G = Mean time per level.
                   A        B        C        D        E       F      G
               +--------+--------+--------+--------+--------+-----+--------+
         Total |  17929 |  16916 |   1013 |   1828 |  13029 |  12 | 1494.1 |
       Dungeon |  12457 |  11653 |    804 |    981 |   9224 |   8 | 1557.1 |
          Lair |   4709 |   4500 |    209 |    847 |   3155 |   3 | 1569.7 |
       Ossuary |    762 |    762 |      0 |      0 |    649 |   1 |  762.0 |
               +--------+--------+--------+--------+--------+-----+--------+

Top non-repeatable levels by time:
     D:7: 2845 daAuts
  Lair:2: 1842 daAuts
     D:6: 1686 daAuts
     D:2: 1652 daAuts
     D:1: 1573 daAuts
     D:3: 1556 daAuts
  Lair:1: 1532 daAuts
  Lair:3: 1335 daAuts
     D:8: 1285 daAuts
     D:5: 976 daAuts
     D:4: 881 daAuts
 Ossuary: 762 daAuts
